[ AOE2 MATCH · #506500944 ]
UnrankedSpanish vs Armenians
Player's team · WIN
Rival team · LOSS
[ REPLAY ANALYSIS · EXTRACTED FROM THE RECORDED GAME ]
Feudal
19:29
Castle
23:18
Imperial
—
| APM avg | 39.9 |
| APM peak | 67 |
| eAPM avg | 19.0 |
| Villagers / military | 43 / 23 |
Focus
⚔️ 30.7% · 🌾 69.3%
Militia ×19 · Petard ×2 · Conquistador ×2
Feudal
13:44
Castle
25:14
Imperial
—
| APM avg | 48.5 |
| APM peak | 82 |
| eAPM avg | 26.8 |
| Villagers / military | 49 / 10 |
Focus
⚔️ 21.7% · 🌾 78.3%
Militia ×10 · Fishing Ship ×2
Match map
Initial resources + every placement click. Lines = walls · curves = elevation contours. ◆ gold · ⬟ stone · ● berries · ✦ relic · ◌ wall gap
Your base· ✓ Closed at 23:18 · 19t walls · 1 gate(s)
Dark Horse's base· ✓ Closed at 25:14 · 32t walls · 1 gate(s)
Smoothed initial terrain · ◌ = detected wall gap · hover for details
Inputs per minute
— MztK | FeNiX - - Dark Horse
Build order — MztK | FeNiX
123 actions detected in the replay
| 0:00 | Queue | Villager (Male) |
| 0:01 | Queue | Villager (Male) |
| 0:02 | Build | House |
| 0:03 | Build | House |
| 0:19 | Research | Loom |
| 1:09 | Queue | Villager (Male) |
| 1:09 | Queue | Villager (Male) |
| 1:42 | Queue | Villager (Male) |
| 1:42 | Queue | Villager (Male) |
| 2:29 | Build | House |
| 3:23 | Build | Palisade Wall |
| 3:28 | Queue | Villager (Male) |
| 3:29 | Queue | Villager (Male) |
| 4:16 | Queue | Villager (Male) |
| 4:47 | Queue | Villager (Male) |
| 5:14 | Queue | Villager (Male) |
| 5:34 | Build | Barracks |
| 5:39 | Queue | Villager (Male) |
| 5:40 | Queue | Villager (Male) |
| 6:08 | Queue | Villager (Male) |
| 6:15 | Build | House |
| 6:19 | Queue | Militia |
| 6:31 | Queue | Villager (Male) |
| 6:57 | Build | House |
| 7:00 | Queue | Militia |
| 7:08 | Queue | Villager (Male) |
| 7:08 | Queue | Villager (Male) |
| 7:27 | Queue | Militia |
| 7:47 | Queue | Villager (Male) |
| 8:00 | Build | House |
| 8:01 | Queue | Villager (Male) |
| 8:27 | Queue | Villager (Male) |
| 8:27 | Queue | Villager (Male) |
| 8:31 | Queue | Militia |
| 8:31 | Queue | Militia |
| 9:02 | Queue | Villager (Male) |
| 9:02 | Queue | Villager (Male) |
| 9:54 | Queue | Villager (Male) |
| 10:02 | Queue | Villager (Male) |
| 10:02 | Queue | Villager (Male) |
| 10:10 | Queue | Militia |
| 10:10 | Queue | Militia |
| 10:30 | Queue | Militia |
| 10:30 | Queue | Militia |
| 10:37 | Build | Mill |
| 10:58 | Queue | Villager (Male) |
| 11:19 | Build | Palisade Wall |
| 11:24 | Build | Palisade Wall |
| 11:25 | Build | Palisade Wall |
| 11:35 | Build | Lumber Camp |
| 12:01 | Build | Palisade Gate |
| 12:12 | Queue | Villager (Male) |
| 12:15 | Queue | Villager (Male) |
| 12:20 | Build | Mining Camp |
| 12:33 | Build | Palisade Wall |
| 12:41 | Build | Palisade Wall |
| 12:46 | Queue | Villager (Male) |
| 12:46 | Queue | Villager (Male) |
| 12:49 | Build | Mill |
| 12:55 | Build | Palisade Wall |
| 13:02 | Queue | Villager (Male) |
| 13:34 | Queue | Villager (Male) |
| 13:39 | Queue | Militia |
| 13:57 | Build | House |
| 14:25 | Queue | Villager (Male) |
| 14:32 | Build | House |
| 14:40 | Build | Farm |
| 14:40 | Build | Farm |
| 14:41 | Build | Farm |
| 15:14 | Build | House |
| 15:15 | Queue | Villager (Male) |
| 15:36 | Build | Palisade Wall |
| 15:37 | Build | Palisade Wall |
| 15:43 | Queue | Villager (Male) |
| 16:02 | Build | Palisade Wall |
| 16:05 | Queue | Villager (Male) |
| 16:08 | Build | Farm |
| 16:15 | Queue | Militia |
| 16:20 | Queue | Militia |
| 16:25 | Build | Palisade Wall |
| 16:29 | Build | House |
| 16:31 | Build | Palisade Wall |
| 16:31 | Build | Palisade Wall |
| 16:35 | Build | Farm |
| 16:35 | Queue | Villager (Male) |
| 17:13 | Build | Farm |
| 17:19 | Research | Feudal Age |
| 17:32 | Build | Mining Camp |
| 17:39 | Build | Farm |
| 19:29 | Age | Feudal Age |
| 19:36 | Queue | Villager (Male) |
| 19:38 | Build | Market |
| 19:39 | Build | Blacksmith |
| 20:01 | Queue | Villager (Male) |
| 20:07 | Build | Farm |
| 20:38 | Research | Castle Age |
| 20:42 | Build | House |
| 20:46 | Build | Farm |
| 21:06 | Build | Farm |
| 21:22 | Queue | Militia |
| 21:22 | Queue | Militia |
| 21:47 | Build | Farm |
| 21:50 | Build | Farm |
| 21:57 | Queue | Militia |
| 22:07 | Build | Farm |
| 22:26 | Research | Man-at-Arms (upgrade) |
| 22:57 | Queue | Militia |
| 23:18 | Age | Castle Age |
| 23:28 | Queue | Militia |
| 23:40 | Build | Castle |
| 24:03 | Queue | Villager (Male) |
| 24:08 | Build | House |
| 24:21 | Research | Town Watch |
| 24:24 | Build | Mining Camp |
| 24:35 | Build | Mining Camp |
| 24:47 | Queue | Petard |
| 24:47 | Queue | Petard |
| 24:53 | Queue | Conquistador |
| 25:05 | Queue | Villager (Male) |
| 25:10 | Queue | Militia |
| 25:10 | Queue | Militia |
| 25:31 | Queue | Conquistador |
| 25:37 | Queue | Villager (Male) |
Build order — Dark Horse
129 actions detected in the replay
| 0:00 | Queue | Villager (Male) |
| 0:00 | Queue | Villager (Male) |
| 0:02 | Build | House |
| 0:03 | Build | House |
| 0:14 | Research | Loom |
| 0:31 | Queue | Villager (Male) |
| 0:47 | Queue | Villager (Male) |
| 1:00 | Queue | Villager (Male) |
| 2:28 | Queue | Villager (Male) |
| 2:28 | Queue | Villager (Male) |
| 3:20 | Queue | Villager (Male) |
| 3:20 | Queue | Villager (Male) |
| 3:47 | Queue | Villager (Male) |
| 3:47 | Queue | Villager (Male) |
| 4:20 | Queue | Villager (Male) |
| 4:20 | Queue | Villager (Male) |
| 4:37 | Queue | Villager (Male) |
| 5:10 | Queue | Villager (Male) |
| 5:30 | Queue | Villager (Male) |
| 5:30 | Queue | Villager (Male) |
| 5:42 | Build | Mule Cart |
| 5:47 | Build | House |
| 5:53 | Queue | Villager (Male) |
| 5:53 | Queue | Villager (Male) |
| 6:12 | Queue | Villager (Male) |
| 6:12 | Queue | Villager (Male) |
| 6:14 | Queue | Villager (Male) |
| 6:15 | Queue | Villager (Male) |
| 6:30 | Queue | Villager (Male) |
| 6:31 | Queue | Villager (Male) |
| 6:58 | Build | House |
| 7:33 | Queue | Villager (Male) |
| 7:40 | Build | Mule Cart |
| 8:01 | Queue | Villager (Male) |
| 8:32 | Build | Barracks |
| 8:34 | Queue | Villager (Male) |
| 8:47 | Build | Palisade Wall |
| 8:49 | Build | Palisade Wall |
| 9:05 | Queue | Villager (Male) |
| 9:21 | Queue | Villager (Male) |
| 9:54 | Build | Palisade Wall |
| 9:55 | Build | Palisade Wall |
| 10:07 | Queue | Villager (Male) |
| 10:10 | Build | Palisade Wall |
| 10:11 | Build | Palisade Wall |
| 10:12 | Build | Palisade Wall |
| 10:14 | Build | Palisade Wall |
| 10:22 | Build | House |
| 11:34 | Research | Feudal Age |
| 11:34 | Research | Feudal Age |
| 11:58 | Queue | Militia |
| 12:11 | Queue | Militia |
| 12:24 | Build | Mill |
| 13:13 | Build | Palisade Wall |
| 13:15 | Build | Palisade Wall |
| 13:16 | Build | Palisade Wall |
| 13:39 | Queue | Militia |
| 13:44 | Age | Feudal Age |
| 13:46 | Build | Farm |
| 14:04 | Research | Man-at-Arms (upgrade) |
| 14:04 | Research | Man-at-Arms (upgrade) |
| 14:09 | Queue | Villager (Male) |
| 14:13 | Build | House |
| 14:29 | Build | Farm |
| 14:30 | Build | Farm |
| 14:42 | Build | Palisade Wall |
| 14:55 | Build | Palisade Wall |
| 14:57 | Build | Palisade Wall |
| 15:12 | Queue | Militia |
| 15:14 | Build | Farm |
| 15:15 | Build | Farm |
| 15:17 | Build | Farm |
| 15:34 | Build | Mule Cart |
| 16:02 | Build | Market |
| 16:17 | Build | Farm |
| 16:18 | Build | Farm |
| 16:34 | Research | Double-Bit Axe |
| 16:34 | Research | Double-Bit Axe |
| 16:45 | Queue | Villager (Male) |
| 17:09 | Queue | Militia |
| 17:25 | Queue | Militia |
| 17:25 | Queue | Villager (Male) |
| 17:28 | Queue | Villager (Male) |
| 17:47 | Queue | Villager (Male) |
| 17:51 | Build | House |
| 18:02 | Research | Horse Collar |
| 18:03 | Research | Horse Collar |
| 18:10 | Build | Farm |
| 18:12 | Build | Farm |
| 18:13 | Queue | Villager (Male) |
| 18:27 | Queue | Militia |
| 18:30 | Queue | Villager (Male) |
| 18:32 | Build | Farm |
| 18:45 | Queue | Villager (Male) |
| 19:06 | Build | Stone Wall |
| 19:13 | Queue | Villager (Male) |
| 19:38 | Queue | Villager (Male) |
| 19:53 | Queue | Villager (Male) |
| 19:53 | Queue | Villager (Male) |
| 19:55 | Build | House |
| 20:07 | Queue | Villager (Male) |
| 20:11 | Build | Farm |
| 20:13 | Build | Farm |
| 20:39 | Queue | Villager (Male) |
| 20:54 | Build | Dock |
| 21:00 | Build | Dock |
| 21:03 | Queue | Villager (Male) |
| 21:06 | Build | House |
| 21:25 | Queue | Villager (Male) |
| 21:29 | Build | Farm |
| 21:42 | Build | Blacksmith |
| 22:04 | Queue | Villager (Male) |
| 22:34 | Research | Castle Age |
| 22:37 | Build | House |
| 22:42 | Queue | Fishing Ship |
| 23:56 | Queue | Militia |
| 23:57 | Queue | Militia |
| 23:59 | Queue | Fishing Ship |
| 24:11 | Build | Palisade Wall |
| 24:14 | Build | Palisade Wall |
| 24:22 | Queue | Militia |
| 24:23 | Queue | Villager (Male) |
| 24:35 | Build | Gate |
| 24:39 | Build | Palisade Wall |
| 24:44 | Build | House |
| 25:14 | Age | Castle Age |
| 25:15 | Build | House |
| 25:16 | Build | Palisade Wall |
| 25:39 | Build | Castle |
Match timeline
| 3:23 | MztK | FeNiX · wall_segment Palisade Wall x7 |
| 5:34 | MztK | FeNiX · first_building Barracks |
| 8:32 | Dark Horse · first_building Barracks |
| 8:47 | Dark Horse · wall_segment Palisade Wall x1 |
| 8:49 | Dark Horse · wall_segment Palisade Wall x1 |
| 9:54 | Dark Horse · wall_segment Palisade Wall x1 |
| 9:55 | Dark Horse · wall_segment Palisade Wall x1 |
| 10:10 | Dark Horse · wall_segment Palisade Wall x1 |
| 10:11 | Dark Horse · wall_segment Palisade Wall x1 |
| 10:12 | Dark Horse · wall_segment Palisade Wall x1 |
| 10:14 | Dark Horse · wall_segment Palisade Wall x6 |
| 11:19 | MztK | FeNiX · wall_segment Palisade Wall x1 |
| 11:24 | MztK | FeNiX · wall_segment Palisade Wall x1 |
| 11:25 | MztK | FeNiX · wall_segment Palisade Wall x1 |
| 12:33 | MztK | FeNiX · wall_segment Palisade Wall x1 |
| 12:41 | MztK | FeNiX · wall_segment Palisade Wall x1 |
| 12:55 | MztK | FeNiX · wall_segment Palisade Wall x1 |
| 13:13 | Dark Horse · wall_segment Palisade Wall x1 |
| 13:15 | Dark Horse · wall_segment Palisade Wall x1 |
| 13:16 | Dark Horse · wall_segment Palisade Wall x1 |
| 13:44 | Dark Horse · age_up feudal |
| 14:42 | Dark Horse · wall_segment Palisade Wall x1 |
| 14:55 | Dark Horse · wall_segment Palisade Wall x1 |
| 14:57 | Dark Horse · wall_segment Palisade Wall x1 |
| 15:36 | MztK | FeNiX · wall_segment Palisade Wall x1 |
| 15:37 | MztK | FeNiX · wall_segment Palisade Wall x1 |
| 16:02 | MztK | FeNiX · wall_segment Palisade Wall x1 |
| 16:25 | MztK | FeNiX · wall_segment Palisade Wall x1 |
| 16:31 | MztK | FeNiX · wall_segment Palisade Wall x1 |
| 16:31 | MztK | FeNiX · wall_segment Palisade Wall x1 |
| 17:57 | Dark Horse · first_market_sell 100 wood |
| 17:58 | Dark Horse · first_market_buy 100 food |
| 19:06 | Dark Horse · wall_segment Stone Wall x8 |
| 19:29 | MztK | FeNiX · age_up feudal |
| 20:31 | MztK | FeNiX · first_market_buy 100 food |
| 20:54 | Dark Horse · first_building Dock |
| 23:18 | MztK | FeNiX · age_up castle |
| 23:40 | MztK | FeNiX · first_building Castle |
| 24:11 | Dark Horse · wall_segment Palisade Wall x1 |
| 24:14 | Dark Horse · wall_segment Palisade Wall x4 |
| 24:39 | Dark Horse · wall_segment Palisade Wall x1 |
| 25:14 | Dark Horse · age_up castle |
| 25:16 | Dark Horse · wall_segment Palisade Wall x1 |
| 25:39 | Dark Horse · first_building Castle |
| 25:53 | Dark Horse · resign |
[ AI ANALYSIS · 1 CREDIT ]
What really happened in this match?
Wolo.gg analyzes every decision: build order, eco, micro, common mistakes by bracket. Personalized analysis on WhatsApp or Discord in 30 seconds.
Civ guide
Spanish
Perfil
Jugador #2326154